 Dungeon Crawl Stone Soup version 0.22-a0-553-g9358b0b (webtiles) character file.

62 iamserjio the Insei (level 3, -4/31 HPs)
             Began as a Draconian Monk on June 25, 2018.
             Slain by a gnoll
             ... wielding a +0 spear
              (7 damage)
             ... on level 3 of the Dungeon.
             The game lasted 00:03:10 (537 turns).

iamserjio the Insei (Draconian Monk)                 Turns: 537, Time: 00:03:10

Health: -4/31      AC:  5    Str: 13    XL:     3   Next: 85%
Magic:  3/3        EV: 13    Int: 11    God:
Gold:   14         SH:  0    Dex: 13    Spells: 2/2 levels left

rFire    . . .     SeeInvis .     - Unarmed
rCold    . . .     Gourm    .   (no shield)
rNeg     . . .     Faith    .   (armour unavailable)
rPois    .         Spirit   .   (helmet restricted)
rElec    .         Reflect  .   (no cloak)
rCorr    .         Harm     .   (no gloves)
MR       .....                  (no boots)
Stlth    ++........             (no amulet)
HPRegen  0.10/turn              (no ring)
MPRegen  0.08/turn              (no ring)

@: flying
A: unfitting armour, cold-blooded, AC +5
a: no special abilities


You were on level 3 of the Dungeon.
You were not hungry.

You visited 1 branch of the dungeon, and saw 3 of its levels.

You collected 14 gold pieces.

Inventory:

Missiles
 b - 26 poisoned needles
Scrolls
 c - 2 scrolls of teleportation {unknown}
 d - a scroll of enchant weapon {unknown}
 e - 2 scrolls of identify {unknown}
Potions
 f - a potion of haste {unknown}
 g - a potion of agility {unknown}
 h - a potion of lignification {unknown}
 i - a potion of curing {unknown}
 j - a potion of cancellation {unknown}
Comestibles
 a - 5 rations


   Skills:
 - Level 3.2 Fighting
 - Level 2.6 Dodging
 - Level 1.7 Stealth
 * Level 4.8 Unarmed Combat


You had 2 spell levels left.
You didn't know any spells.
Your spell library was empty.

Dungeon Overview and Level Annotations

Branches:
Dungeon (3/15)

Altars:
Fedhas


Innate Abilities, Weirdness & Mutations

Your plain brown scales are hard. (AC +5)
You cannot fit into any form of body armour.
You are cold-blooded and may be slowed by cold attacks.


Message History

You feel sick.
You see here a ruby potion.
k - a ruby potion The hobgoblin misses you.
You feel sick.
You feel sick.
You are no longer poisoned.
You closely miss the hobgoblin.
The hobgoblin hits you but does no damage.
You barely miss the hobgoblin. The gnoll misses you.
The hobgoblin barely misses you.
You closely miss the hobgoblin.
The gnoll hits you from afar with a spear.
* * * LOW HITPOINT WARNING * * *
The hobgoblin barely misses you.
It was a potion of flight.
You feel very buoyant.
You fly up into the air.
The hobgoblin barely misses you.
The gnoll hits you from afar with a spear!
You die...

#. .. ... .# ##.##.#
#...#.# #... .# #
#... .# #.##.##.#
#....g@.# #.##g##.#
... #.##.# #...
#g##.# #.. # #g##.#
#.. #.##.##.# #.#
##.......# #.#######
#...)...$###.......#
#.PPP...g##).# #.##


You could see a gnoll and a hobgoblin.

Vanquished Creatures
  4 adders
  A gnoll (D:3)
  A dart slug (D:2)
  A ball python (D:3)
  A giant cockroach (D:3)
  3 hobgoblins
  A kobold (D:1)
  2 bats (D:1)
  3 rats (D:2)
17 creatures vanquished.

Notes
Turn   | Place    | Note
-------+----------+-------------------------------------------
     0 | D:1      | iamserjio the Draconian Monk began the quest for the Orb.
     0 | D:1      | Reached XP level 1. HP: 19/19 MP: 1/1
    40 | D:2      | Reached XP level 2. HP: 15/26 MP: 2/2
   229 | D:2      | Reached skill level 4 in Unarmed Combat
   374 | D:3      | Reached XP level 3. HP: 26/31 MP: 3/3
   493 | D:3      | Found a blossoming altar of Fedhas.
   537 | D:3      | Slain by a gnoll

Vault maps used:
D:1:      dpeg_arrival_tiny_i
D:3:      fedhas_altar_3, lemuel_round_altar

Skill      XL: |  1  2 |
---------------+-------+-----
Unarmed Combat | 4 |  4.8
Fighting       | |  3.2
Dodging        | |  2.6
Stealth        | |  1.7

Action                   || total
-------------------------++-------
Melee: Unarmed           ||   108
       Punch             ||     1
       Tailslap          ||     4
  Use: Potion            ||     1
 Stab: Sleeping          ||     2
Armor: Skin              ||    27
Dodge: Dodged            ||    75

Table legend:
 A = Spawn XP
 B = Non-spawn XP
 C = Spawn XP percentage of total XP
 D = Spawn monster count
 E = Non-spawn monster count
 F = Spawn count percentage of total count
 G = Total turns spent on level
                    A         B        C        D         E        F      G
               +---------+---------+-------+---------+---------+-------+---------
         Total |       0 |      89 |   0.0 |       0 |      17 |   0.0 |   537
               +---------+---------+-------+---------+---------+-------+---------
           D:1 |       0 |       9 |   0.0 |       0 |       5 |   0.0 |   119
           D:2 |       0 |      21 |   0.0 |       0 |       5 |   0.0 |   190
           D:3 |       0 |      59 |   0.0 |       0 |       7 |   0.0 |   228
               +---------+---------+-------+---------+---------+-------+---------
